 Dungeon Crawl Stone Soup version 0.20-a0-871-g785f14b (webtiles) character file.

2368 4thArraOfDagon the Frost Mage (level 9, -2/62 HPs)
             Began as a Demigod Ice Elementalist on Mar 14, 2017.
             Slain by an orc warrior
             ... wielding a +0 halberd
              (15 damage)
             ... on level 6 of the Dungeon.
             The game lasted 00:15:52 (2691 turns).

4thArraOfDagon the Frost Mage (DgIE)                Turns: 2691, Time: 00:15:53

Health: -2/62      AC:  6    Str: 11    XL:     9   Next: 1%
Magic:  14/18      EV: 11    Int: 25    God:
Gold:   44         SH:  0    Dex: 16    Spells: 5/16 levels left

rFire    x . .     SeeInvis .   k - +2 halberd (protect)
rCold    + . .     Gourm    .   f - +1 ring mail
rNeg     . . .     Faith    .   (shield currently unavailable)
rPois    .         Spirit   .   (no helmet)
rElec    .         Reflect  .   (no cloak)
rCorr    .         Harm     .   (no gloves)
MR       .....                  (no boots)
Stlth    +.........             (no amulet)
Regen    0.2/turn               (no ring)
MPRegen  0.2/turn               l - ring of ice

@: very slightly contaminated
A: high mp 1
a: no special abilities


You were on level 6 of the Dungeon.
You were not hungry.

You visited 1 branch of the dungeon, and saw 9 of its levels.
You also visited: Ossuary.

You collected 253 gold pieces.
You spent 209 gold pieces at shops.

Inventory:

Hand Weapons
 k - a +2 halberd of protection (weapon)
Armour
 a - a +0 robe
 e - a +0 buckler
 f - a +1 ring mail (worn)
 i - the +0 chain mail of Autumn {rF+ Str+2}
   (You bought it in a shop on level 4 of the Dungeon)

   It affects your strength (+2).
   It protects you from fire.
Jewellery
 l - a ring of ice (left hand)
Wands
 p - a wand of paralysis (0/24)
 r - a wand of disintegration (4/24)
Scrolls
 d - a scroll of vulnerability {unknown}
 g - 2 scrolls of recharging {unknown}
 o - a scroll of magic mapping {unknown}
 q - 2 scrolls of amnesia {unknown}
 v - 2 scrolls of teleportation
 x - a scroll of blinking {unknown}
 y - a scroll of fog
Potions
 h - a potion of lignification {unknown}
 j - a potion of haste {unknown}
 m - a potion of degeneration {unknown}
 s - 2 potions of flight {unknown}
 u - 3 potions of heal wounds {unknown}
 w - a potion of magic {unknown}
 A - 2 potions of agility {unknown}
Books
 b - a book of Frost

   Spells                             Type                      Level
   a - Freeze                         Ice                          1
   b - Throw Frost                    Conjuration/Ice              2
   c - Ozocubu's Armour               Charms/Ice                   3
   d - Throw Icicle                   Conjuration/Ice              4
   e - Summon Ice Beast               Ice/Summoning                4
Comestibles
 c - 6 bread rations
 n - 2 meat rations


   Skills:
 + Level 4.3 Armour
 - Level 1.7 Dodging
 - Level 1.7 Stealth
 + Level 4.2 Spellcasting
 * Level 4.8 Conjurations
 * Level 8.6 Ice Magic


You had 5 spell levels left.
You knew the following spells:

 Your Spells              Type           Power        Failure   Level  Hunger
a - Freeze                Ice            ####         1%          1    None
b - Throw Frost           Conj/Ice       ######       1%          2    None
c - Throw Icicle          Conj/Ice       ######..     14%         4    ####...
d - Summon Ice Beast      Ice/Summ       #####...     38%         4    ####...


Dungeon Overview and Level Annotations

Branches:
Dungeon (9/15)             Temple (0/1) D:4
   Lair: D:8-11         Orc: D:9-12

Shops:
D:4 [

Annotations:
D:8 Joseph


Innate Abilities, Weirdness & Mutations

You have an increased reservoir of magic. (+10% MP)


Message History

You reach to attack!
You completely miss the orc warrior.
The orc warrior is moderately wounded.
The orc warrior hits you from afar with a halberd!!
* * * LOW HITPOINT WARNING * * *
Unknown command.
Casting: Freeze
Confirm with . or Enter, or press ? or * to list all spells.
Okay, then.
Unknown command.
Unknown command.
Casting: Freeze
Confirm with . or Enter, or press ? or * to list all spells.
Aiming: Throw Icicle
Press: ? - help, Shift-Dir - straight line, f/p - orc warrior
Aim: an orc warrior, wielding a halberd and wearing a chain mail (moderately wounded)
You feel a surge of power!
You miscast Throw Icicle.
You are very lightly contaminated with residual magic.
The air around you crackles with energy!
The orc warrior hits you from afar with a halberd!
You die...

############
#....@.o{c.#
#.########o#
#.# #.# #.#
#o# #.# #o#
### ## #.#
#.#


You could see an orc warrior, a centaur and an orc.

Vanquished Creatures
  2 two-headed ogres (D:8)
  Prince Ribbit (D:5)
  A water moccasin (D:8)
  A black bear (D:6)
  An ogre (D:9)
  A bullfrog (D:7)
  A scorpion (D:5)
  A crimson imp (D:7)
  A centaur zombie (D:5)
  2 jellies
  3 orc wizards (D:7)
  An iguana (D:4)
  A worker ant (D:5)
  4 big kobold zombies (Ossuary)
  3 hound skeletons
  A mummy (Ossuary)
  3 gnolls
  7 adders
  An ooze (D:3)
  A dart slug (D:1)
  A leopard gecko (D:2)
  5 orcs
  2 ball pythons
  4 giant cockroaches
  4 gnoll zombies
  8 goblins
  6 hobgoblins
  10 jackals
  2 quokkas
  3 bats
  A bat simulacrum (Ossuary)
  7 frilled lizards
  2 goblin simulacra (Ossuary)
  A goblin zombie (Ossuary)
  3 hobgoblin zombies (Ossuary)
  5 kobolds (D:3)
  A kobold simulacrum (Ossuary)
  2 kobold zombies (Ossuary)
  2 orc zombies (Ossuary)
  4 rats
110 creatures vanquished.

Notes
Turn   | Place    | Note
-------+----------+-------------------------------------------
     0 | D:1      | 4thArraOfDagon the Demigod Ice Elementalist began the quest for the Orb.
     0 | D:1      | Reached XP level 1. HP: 14/14 MP: 5/5
    49 | D:1      | Reached skill level 3 in Ice Magic
   140 | D:1      | Reached XP level 2. HP: 20/20 MP: 2/7
   380 | D:2      | Reached XP level 3. HP: 26/26 MP: 1/8
   395 | D:2      | Reached skill level 4 in Ice Magic
   572 | D:4      | Found Kuxautec's Antique Armour Shoppe.
   635 | D:4      | Learned a level 2 spell: Throw Frost
   636 | D:4      | Found a staircase to the Ecumenical Temple.
   657 | D:5      | Entered Level 5 of the Dungeon
   666 | D:5      | Reached XP level 4. HP: 29/33 MP: 5/9
   693 | D:5      | Reached skill level 5 in Ice Magic
   705 | D:5      | Found a snail-covered altar of Cheibriados.
   747 | D:4      | Found an iron altar of Okawaru.
   990 | D:3      | Reached XP level 5. HP: 27/38 MP: 2/10
  1360 | D:4      | Bought a distressingly furry chain mail for 209 gold pieces
  1370 | D:4      | Identified the +0 chain mail of Autumn {rF+ Str+2} (You bought it in a shop on level 4 of the Dungeon)
  1416 | D:5      | Found an opulent altar of Gozag.
  1487 | D:5      | Reached skill level 6 in Ice Magic
  1538 | D:6      | Found a shimmering altar of Xom.
  1549 | D:6      | Found a hazy altar of Hepliaklqana.
  1549 | D:6      | Noticed a titan simulacrum
  1550 | D:6      | Noticed a titan simulacrum
  1550 | D:6      | Noticed a spectral ugly thing
  1556 | D:6      | Noticed a black bear
  1564 | D:6      | Killed a black bear
  1564 | D:6      | Reached skill level 1 in Armour
  1564 | D:6      | Reached XP level 6. HP: 23/45 MP: 3/12
  1599 | D:6      | Learned a level 4 spell: Throw Icicle
  1675 | D:5      | Noticed Prince Ribbit
  1700 | D:5      | Killed Prince Ribbit
  1716 | D:5      | Reached XP level 7. HP: 11/50 MP: 1/14
  1748 | D:5      | HP: 2/50 [poisoned by an adder]
  1889 | D:5      | Found a basalt altar of Yredelemnul.
  1921 | D:5      | Learned a level 4 spell: Summon Ice Beast
  1949 | D:5      | Found a stormy altar of Qazlal.
  2058 | D:7      | Reached skill level 7 in Ice Magic
  2069 | D:7      | Found a sand-covered staircase.
  2078 | Ossuary  | Entered an ossuary
  2159 | Ossuary  | Reached skill level 1 in Conjurations
  2356 | D:8      | Noticed a two-headed ogre
  2389 | D:8      | Killed a two-headed ogre
  2389 | D:8      | Reached XP level 8. HP: 57/57 MP: 12/16
  2510 | D:8      | Noticed a two-headed ogre
  2512 | D:8      | Noticed Joseph
  2534 | D:8      | Killed a two-headed ogre
  2534 | D:8      | Reached skill level 8 in Ice Magic
  2625 | D:9      | Reached XP level 9. HP: 37/62 MP: 14/18
  2691 | D:6      | Slain by an orc warrior

Vault maps used:
D:1:      lemuel_arrival_lava_pool
D:2:      lemuel_coloured_pillars_altar, vehumet_crystals
D:3:      grunt_ministairs_12, uniq_jessica
D:4:      minmay_temple_entry_glass, first_bread, serial_shops, shop,
          okawaru_trees_1
D:5:      kennysheep_big_flooded_room, lemuel_round_altar,
          nicolae_overflow_hidden_temple, lemuel_zombie_altar_yredelemnul,
          overflow_temple_1_default, nicolae_overflow_crystal_walls,
          uniq_prince_ribbit1
D:6:      regret_index_temple_of_mockery, kennysheep_mini_moat, fountainhead,
          uniq_blork_the_orc
D:7:      lightli_ossuary_entry_decrepit_ruins, grunt_ogre_cave
D:8:      uniq_joseph
D:9:      lemuel_round_altar, old_standard_altar, hiddenorc2_lemuel, uniq_erica
Ossuary:  ossuary_zaba_two_paths

Skill      XL: |  1  2  3  4  5  6  7  8 |
---------------+-------------------------+-----
Ice Magic      | 3 4 5 6 7 8 |  8.6
Spellcasting   | 2 3 4 |  4.2
Armour         | 1 2 3 4 |  4.3
Conjurations   | 3 4 |  4.8
Dodging        | |  1.7
Stealth        | |  1.7

Action                   |  1- 3 |  4- 6 |  7- 9 || total
-------------------------+-------+-------+-------++-------
Melee: Unarmed           |    14 |       |       ||    14
       Halberd           |       |    62 |   120 ||   182
 Cast: Freeze            |    47 |    53 |    39 ||   139
Evoke: Wand              |       |     8 |     5 ||    13
  Use: Scroll            |     1 |     4 |     4 ||     9
       Potion            |       |     1 |     2 ||     3
 Stab: Sleeping          |       |     2 |     1 ||     3
       Paralysed         |       |       |    13 ||    13
  Eat: Bread ration      |       |     1 |       ||     1
       Chunk             |       |       |     3 ||     3
Armor: Robe              |     1 |       |       ||     1
       Ring mail         |    12 |    34 |    62 ||   108
       Chain mail        |       |    32 |       ||    32
Dodge: Dodged            |    24 |    53 |    77 ||   154
Block: Buckler           |     6 |     3 |       ||     9
